 Dungeon Crawl Stone Soup version 0.20.1-1-g8b1a95d (webtiles) character file.

84 Lorindel the Magician (level 4, 0/24 HPs)
             Began as a Deep Elf Wizard on July 15, 2017.
             Slain by a phantom (8 damage)
             ... on level 3 of the Dungeon.
             The game lasted 00:33:04 (2854 turns).

Lorindel the Magician (Deep Elf Wizard)             Turns: 2854, Time: 00:33:05

Health: 0/24       AC:  3    Str:  4    XL:     4   Next: 24%
Magic:  2/12       EV: 13    Int: 24    God:
Gold:   113        SH:  0    Dex: 13    Spells: 2/12 levels left

rFire    . . .     SeeInvis .   h - +0 dagger (venom)
rCold    . . .     Gourm    .   (no shield)
rNeg     . . .     Faith    .   a - +1 robe
rPois    .         Spirit   .   b - +0 hat
rElec    .         Reflect  .   (no cloak)
rCorr    .         Harm     .   (no gloves)
MR       .....                  (no boots)
Stlth    ++........             (no amulet)
Regen    0.1/turn               (no ring)
MPRegen  0.2/turn               (no ring)

@: no status effects
A: no striking features
a: no special abilities


You were on level 3 of the Dungeon.
You were not hungry.

You visited 1 branch of the dungeon, and saw 3 of its levels.

You collected 113 gold pieces.

Inventory:

Hand Weapons
 f - a +0 dagger
 g - a +0 dagger
 h - a +0 dagger of venom (weapon)
 i - a +1 short sword
 m - a +0 mace
 s - a +0 blowgun
Missiles
 t - 20 poisoned needles
Armour
 a - a +1 robe (worn)
 b - a +0 hat (worn)
 e - a +0 buckler
 k - a +0 helmet
 l - a +0 ring mail
 p - a +0 scale mail
 r - a +0 leather armour
 x - a +0 pair of gloves
Wands
 j - a wand of confusion (27/48)
Scrolls
 q - a scroll of remove curse
Potions
 n - 2 potions of agility
 o - a potion of heal wounds {unknown}
 u - a potion of lignification {unknown}
 v - a potion of curing
 z - a potion of mutation {unknown}
Books
 c - a book of Minor Magic

   Spells                             Type                      Level
   a - Magic Dart                     Conjuration                  1
   b - Blink                          Translocation                2
   c - Call Imp                       Summoning                    2
   d - Slow                           Hexes                        2
   e - Conjure Flame                  Conjuration/Fire             3
   f - Mephitic Cloud                 Conjuration/Poison/Air       3
Comestibles
 d - 2 bread rations
 w - 3 chunks of flesh


   Skills:
 + Level 0.8 Fighting
 + Level 3.0 Dodging
 + Level 3.1 Stealth
 + Level 4.8 Spellcasting
 + Level 1.5 Conjurations
 + Level 1.1 Hexes
 + Level 1.5 Summonings
 + Level 1.5 Translocations
 + Level 0.4 Air Magic
 + Level 0.7 Poison Magic
 + Level 0.2 Evocations


You had 2 spell levels left.
You knew the following spells:

 Your Spells              Type           Power        Failure   Level  Hunger
a - Magic Dart            Conj           ##..         4%          1    None
b - Call Imp              Summ           ##......     7%          2    None
c - Blink                 Tloc           N/A          7%          2    None
d - Slow                  Hex            ##......     9%          2    None
e - Mephitic Cloud        Conj/Pois/Air  ##......     19%         3    ##.....


Dungeon Overview and Level Annotations

Branches:
Dungeon (3/15)

Altars:


Message History

Your white imp hits the phantom.
Your white imp freezes the phantom.
The phantom completely resists.
You swap places.
A hobgoblin comes into view. It is wielding a club.
Your crimson imp blinks!
Your white imp gestures at the phantom.
The puff of frost hits the phantom.
The phantom resists.
Your shadow imp hits the phantom.
The hobgoblin shouts!
The phantom closely misses you.
Your shadow imp completely misses the phantom.
You hit the phantom but do no damage.
The phantom is heavily damaged.
The phantom hits you.
Your white imp closely misses the phantom.
Your shadow imp barely misses the phantom.
You hit the phantom.
The phantom is heavily damaged.
The phantom hits you!
You die...

########.........#
###...######
#.........
#..######. ##.####
#....# #..55# #
#..W.#..# #..@...#
#.5..### #....#
#....# #..g.#
#....# ......
#...s..


You could see a phantom, a giant cockroach, a hobgoblin, a friendly crimson imp,
a friendly white imp and a friendly shadow imp.

Vanquished Creatures
  A worker ant (D:3)
  An ooze (D:2)
  3 leopard geckos (D:2)
  3 bats
  6 goblins
  2 hobgoblins
  5 jackals (D:1)
  3 frilled lizards (D:1)
  2 kobolds (D:1)
  4 rats
30 creatures vanquished.

Vanquished Creatures (collateral kills)
  2 adders (D:2)
  3 worms
  A leopard gecko (D:2)
  3 bats (D:2)
  2 giant cockroaches (D:2)
  A hobgoblin (D:2)
  A kobold (D:3)
  A rat (D:3)
14 creatures vanquished.

Vanquished Creatures (others)
  5 toadstools (D:1)
5 creatures vanquished.

Grand Total: 49 creatures vanquished

Notes
Turn   | Place    | Note
-------+----------+-------------------------------------------
     0 | D:1      | Lorindel the Deep Elf Wizard began the quest for the Orb.
     0 | D:1      | Reached XP level 1. HP: 10/10 MP: 7/7
   457 | D:1      | Reached XP level 2. HP: 15/16 MP: 9/9
   751 | D:1      | Learned a level 2 spell: Call Imp
   754 | D:1      | Learned a level 2 spell: Blink
   757 | D:1      | Learned a level 2 spell: Slow
  1421 | D:2      | Reached XP level 3. HP: 3/20 MP: 0/11
  1426 | D:2      | Learned a level 3 spell: Mephitic Cloud
  1874 | D:2      | Reached skill level 1 in Hexes
  2631 | D:3      | Reached XP level 4. HP: 12/24 MP: 9/12
  2816 | D:3      | Noticed a phantom
  2854 | D:3      | Slain by a phantom

Skill      XL: |  1  2  3 |
---------------+----------+-----
Hexes          | 1 |  1.1
Stealth        | 3 |  3.1
Dodging        | 3 |  3.0
Fighting       | |  0.8
Spellcasting   | |  4.8
Conjurations   | |  1.5
Summonings     | |  1.5
Translocations | |  1.5
Air Magic      | |  0.4
Poison Magic   | |  0.7
Evocations     | |  0.2

Action                   |  1- 3 |  4- 6 || total
-------------------------+-------+-------++-------
Melee: Short sword       |     8 |       ||     8
       Dagger            |    47 |     7 ||    54
       Unarmed           |     5 |       ||     5
 Cast: Magic Dart        |    39 |     2 ||    41
       Call Imp          |    17 |     7 ||    24
  Use: Scroll            |    11 |       ||    11
       Potion            |     1 |       ||     1
 Stab: Sleeping          |     2 |       ||     2
  Eat: Chunk             |     5 |     1 ||     6
Armor: Robe              |    11 |       ||    11
Dodge: Dodged            |    54 |     2 ||    56
